 Dungeon Sprint DCSS version 0.17-a0-1718-g72dbe4d (webtiles) character file.

42325 Kidiri the Unseen (level 13, -11/55 HPs)
             Began as a Spriggan Enchanter on Aug 26, 2015.
             Was the Champion of Dithmenos.
             Mangled by an eight-headed hydra (14 damage)
             ... in the Dungeon (Sprint III: "The Ten Rune Challenge").
             The game lasted 00:13:01 (3070 turns).

Kidiri the Unseen (Spriggan Enchanter)              Turns: 3070, Time: 00:13:01

Health: -11/55     AC:  4    Str:  4    XL:     13   Next: 14%
Magic:  30/34      EV: 35    Int: 20    God:    Dithmenos [******]
Gold:   44         SH:  0    Dex: 20    Spells: 8 memorised, 24 levels left

rFire  . . .     SeeInvis +     a - +2 dagger (drain)
rCold  . . .     Clarity  .     b - +2 robe {MR+}
rNeg   . . .     SustAt   .     (shield restricted)
rPois  +         Gourm    .     (helmet restricted)
rElec  .         Spirit   .     (no cloak)
rCorr  .         Warding  .     (gloves unavailable)
rMut   .         NoTele   +     (boots unavailable)
MR     +++..                    (no amulet)
Stlth  +++++++++.               (no ring)
                                m - ring of stealth

@: very slightly contaminated, wreathed by umbra, very quick, extremely
resistant to hostile enchantments, incredibly stealthy
A: unfitting armour, see invisible, clever 1, herbivore 3, speed 3, poison
resistance, slow metabolism 2, wild magic 1
a: Shadow Step, Shadow Form, Renounce Religion
}: 1/10 runes: serpentine


You were in the Dungeon.
You worshipped Dithmenos.
Dithmenos was exalted by your worship.
You were not hungry.

You visited 1 branch You collected 44 gold pieces.

Inventory:

Hand weapons
 a - a +2 dagger of draining (weapon)
 e - a +0 blowgun
Missiles
 y - 8 needles of paralysis
Armour
 b - a +2 robe of magic resistance (worn)
Jewellery
 m - a ring of stealth (left hand)
Magical devices
 l - a wand of hasting (4)
 n - a wand of polymorph (11)
 w - a wand of teleportation (6)
Scrolls
 o - a scroll of immolation {unknown}
 p - a scroll of identify {unknown}
 q - 3 scrolls of remove curse
 u - a scroll of holy word {unknown}
 v - a scroll of fear {unknown}
Potions
 c - a potion of might
 f - 2 potions of heal wounds
 g - a potion of haste
 h - 2 potions of magic
 i - 2 potions of berserk rage
 k - a potion of degeneration {unknown}
 s - 2 potions of cure mutation
 t - 3 potions of flight
Comestibles
 d - 2 bread rations
 r - 23 royal jellies
 x - 6 fruits


   Skills:
 + Level 11.0 Short Blades
 + Level 6.3 Throwing
 * Level 18.5 Dodging
 * Level 20.1 Stealth
 * Level 16.2 Spellcasting
 + Level 7.4 Conjurations
 + Level 12.3 Hexes
 + Level 12.6 Charms
 + Level 8.3 Necromancy
 + Level 12.5 Translocations
 + Level 8.3 Ice Magic
 - Level 6.9 Invocations


You had 24 spell levels left.
You knew the following spells:

 Your Spells              Type           Power        Failure   Level  Hunger
a - Corona                Hex            #######      1%          1    None
b - Ensorcelled Hibernat  Hex/Ice        ######       1%          2    None
c - Confuse               Hex            #######.     1%          3    None
d - Tukima's Dance        Hex            #######.     1%          3    None
e - Dazzling Spray        Conj/Hex       ######..     1%          3    None
f - Shroud of Golubria    Chrm/Tloc      #######...   1%          2    None
g - Spectral Weapon       Hex/Chrm       #######.     1%          3    None
h - Regeneration          Chrm/Necr      ######....   1%          3    None


Dungeon Overview and Level Annotations

Branches:
Dungeon (1/1)

Altars:
Cheibriados
Dithmenos
Elyvilon
Fedhas
Gozag
Kikubaaqudgha
Makhleb
Nemelex Xobeh
Okawaru
Qazlal
Ru
Sif Muna
Trog
Vehumet
Xom
Yredelemnul
Zin
The Shining One
Jiyva
Lugonu

Shops:
D [}?(:!

Annotations:
D Lernaean hydra


Innate Abilities, Weirdness & Mutations

You are tiny and cannot use many weapons and most armour.
You have supernaturally acute eyesight.
You are a herbivore.
You cover ground extremely quickly.
You need consume almost no food.
Your mind is acute. (Int +2)
Your system is resistant to poisons.
Your spells are a little harder to cast, but a little more powerful.


Message History

* * * LOW HITPOINT WARNING * * *
The 27-headed Lernaean hydra bites you.
* * * LOW HITPOINT WARNING * * *
The 27-headed Lernaean hydra completely misses you.
The 27-headed Lernaean hydra bites you.
* * * LOW HITPOINT WARNING * * *
The 27-headed Lernaean hydra completely misses you. x5
The 27-headed Lernaean hydra misses you.
Read which item? (? for menu, Esc to quit)
Blink to where?
Press: ? - help, Dir - move target cursor, p - 27-headed Lernaean hydra You are very lightly contaminated with residual magic.
As you read the scroll of blinking, it crumbles to dust.
You enter the shallow water.
Moving in this stuff is going to be slow.
The eight-headed hydra misses you.
The eight-headed hydra completely misses you. x3
The eight-headed hydra barely misses you.
The eight-headed hydra bites you!
You die...

#.♣♣
#.........
#♣≈♣
#......%..
♣.♣♣ #####
##########
♣♣≈♣ §§§φ#
##....%%..
♣.♣♣ §§§§#
#.....%.%.
♣.♣♣ §§D§#
#..#######
♣.%♣♣#§§§##
#..%..%...
♣♣.♣♣D####♣♣
##......%%
♣♣.♣♣@[.≈.♣
#########
♣♣.≈♣♣♣♣♣♣%♣
##.)).....
♣.≈P..P§§[.♣
#∩.)).....
♣.≈.≈§§§.§.♣
#∩.#######
♣.♣..≈§§§§§♣
#∩........
♣♣♣♣♣♣♣♣§§∩♣
##........
♣♣♣♣♣
#########


You could see an eight-headed hydra.

Vanquished Creatures
  Rupert (D)
  A greater naga (D)
  Maud (D)
  Josephine (D)
  2 hydras (D)
  A naga warrior (D)
  A centaur warrior (D)
  6 anacondas (D)
  4 death yaks (D)
  An unseen horror (D)
  A spriggan druid (D)
  A lindwurm (D)
  A death drake (D)
  5 swamp dragons (D)
  A guardian serpent (D)
  7 black mambas (D)
  2 spiny frogs (D)
  A fire drake (D)
  A queen bee (D)
  A deep elf priest (D)
  A komodo dragon (D)
  8 blink frogs (D)
  A shadow (D)
  3 redbacks (D)
  2 spriggans (D)
  3 wandering mushrooms (D)
  2 nagas (D)
  A spatial vortex (D)
  A necrophage (D)
  3 swamp drakes (D)
  3 water moccasins (D)
  2 centaurs (D)
  An earth elemental (D)
  2 brain worms (D)
  A water elemental (D)
  A scorpion (D)
  32 killer bees (D)
  An electric eel (D)
  A wizard (D)
  A jelly (D)
  Jessica (D)
  A necromancer (D)
  3 humans (D)
  A kobold demonologist (D)
  4 adders (D)
  2 rats (D)
  A plant (D)
123 creatures vanquished.

Vanquished Creatures (others)
  2 draconian scorchers (D)
  A yaktaur (D)
  6 plants (D)
9 creatures vanquished.

Grand Total: 132 creatures vanquished

Notes
Turn   | Place    | Note
--------------------------------------------------------------
     0 | D        | Kidiri the Spriggan Enchanter began the quest for the Orb.
     0 | D        | Reached XP level 1. HP: 9/9 MP: 5/5
    32 | D        | Noticed Jessica
    38 | D        | Killed Jessica
    38 | D        | Reached skill level 5 in Dodging
    38 | D        | Reached skill level 6 in Stealth
    38 | D        | Reached XP level 2. HP: 13/13 MP: 6/8
    56 | D        | Learned a level 2 spell: Ensorcelled Hibernation
    78 | D        | Noticed a scorpion
    81 | D        | Killed a scorpion
    81 | D        | Reached skill level 7 in Stealth
    81 | D        | Reached skill level 5 in Spellcasting
    81 | D        | Reached skill level 5 in Hexes
    81 | D        | Reached skill level 1 in Ice Magic
    81 | D        | Reached XP level 3. HP: 16/16 MP: 9/11
    81 | D        | Reached XP level 4. HP: 21/21 MP: 9/12
   111 | D        | Learned a level 3 spell: Confuse
   115 | D        | Learned a level 3 spell: Tukima's Dance
   119 | D        | Learned a level 3 spell: Dazzling Spray
   179 | D        | Reached skill level 8 in Stealth
   198 | D        | Gained mutation: You occasionally shout uncontrollably at your foes. [potion of mutation]
   198 | D        | Gained mutation: Your body sometimes deteriorates upon taking damage. [potion of mutation]
   198 | D        | Killed a yaktaur
   199 | D        | Lost mutation: Your body sometimes deteriorates upon taking damage. [potion of cure mutation]
   199 | D        | Lost mutation: You occasionally shout uncontrollably at your foes. [potion of cure mutation]
   200 | D        | Gained mutation: Your spells are a little harder to cast, but a little more powerful. [potion of mutation]
   200 | D        | Gained mutation: Your system is resistant to poisons. [potion of mutation]
   200 | D        | Gained mutation: Your mind is acute. (Int +2) [potion of mutation]
   227 | D        | Killed a white draconian scorcher
   255 | D        | Killed a white draconian scorcher
   310 | D        | Noticed a water elemental
   312 | D        | Killed a water elemental
   312 | D        | Reached skill level 1 in Conjurations
   312 | D        | Reached XP level 5. HP: 24/24 MP: 13/15
   322 | D        | Noticed a jelly
   323 | D        | Noticed a shadow
   325 | D        | Killed a shadow
   325 | D        | Reached skill level 9 in Dodging
   325 | D        | Reached skill level 10 in Stealth
   325 | D        | Reached XP level 6. HP: 28/28 MP: 14/17
   329 | D        | Killed a jelly
   334 | D        | Found a stormy altar of Qazlal.
   335 | D        | Found a sacrificial altar of Ru.
   335 | D        | Found a burning altar of Makhleb.
   335 | D        | Found a viscous altar of Jiyva.
   335 | D        | Found a shimmering altar of Xom.
   335 | D        | Found a shadowy altar of Dithmenos.
   335 | D        | Found a sparkling altar of Nemelex Xobeh.
   335 | D        | Found a corrupted altar of Lugonu.
   335 | D        | Found an opulent altar of Gozag.
   335 | D        | Noticed a spatial vortex
   339 | D        | Became a worshipper of Dithmenos the Shadowed
   357 | D        | Killed a spatial vortex
   357 | D        | Reached skill level 5 in Short Blades
   357 | D        | Reached skill level 11 in Stealth
   357 | D        | Reached skill level 1 in Invocations
   477 | D        | Found a radiant altar of Vehumet.
   478 | D        | Found a deep blue altar of Sif Muna.
   478 | D        | Found an ancient bone altar of Kikubaaqudgha.
   478 | D        | Noticed a wizard
   479 | D        | Killed a wizard
   479 | D        | Reached skill level 10 in Dodging
   491 | D        | Learned a level 2 spell: Shroud of Golubria
   495 | D        | Learned a level 3 spell: Spectral Weapon
   499 | D        | Learned a level 3 spell: Regeneration
   507 | D        | Found a glowing silver altar of Zin.
   508 | D        | Found a glowing golden altar of the Shining One.
   508 | D        | Found a white marble altar of Elyvilon.
   508 | D        | Noticed a deep elf priest
   510 | D        | Killed a deep elf priest
   510 | D        | Reached skill level 1 in Necromancy
   510 | D        | Reached XP level 7. HP: 32/32 MP: 18/20
   534 | D        | Found an iron altar of Okawaru.
   535 | D        | Found a bloodstained altar of Trog.
   535 | D        | Noticed a human
   535 | D        | Noticed a human
   537 | D        | Killed a human
   537 | D        | Reached skill level 12 in Stealth
   540 | D        | Killed a human
   540 | D        | Reached XP level 8. HP: 36/36 MP: 18/22
   565 | D        | Found a snail-covered altar of Cheibriados.
   565 | D        | Noticed a necrophage
   566 | D        | Found a basalt altar of Yredelemnul.
   566 | D        | Found a blossoming altar of Fedhas.
   566 | D        | Noticed a necromancer
   567 | D        | Killed a necrophage
   567 | D        | Acquired Dithmenos's first power
   568 | D        | Killed a necromancer
   589 | D        | Noticed Josephine
   592 | D        | Killed Josephine
   592 | D        | Reached skill level 13 in Stealth
   592 | D        | Reached skill level 10 in Spellcasting
   592 | D        | Reached skill level 5 in Translocations
   613 | D        | Noticed an earth elemental
   616 | D        | Killed an earth elemental
   621 | D        | Noticed a centaur
   621 | D        | Noticed a centaur warrior
   621 | D        | Noticed a centaur
   624 | D        | Killed a centaur
   624 | D        | Reached skill level 5 in Charms
   624 | D        | Reached XP level 9. HP: 32/39 MP: 14/24
   636 | D        | Killed a centaur
   636 | D        | Acquired Dithmenos's second power
   638 | D        | Killed a centaur warrior
   638 | D        | Reached skill level 14 in Stealth
   638 | D        | Reached skill level 5 in Ice Magic
   768 | D        | Noticed an unseen horror
   770 | D        | Killed an unseen horror
   780 | D        | Noticed a killer bee
   780 | D        | Noticed a killer bee
   780 | D        | Noticed a killer bee
   780 | D        | Noticed a killer bee
   780 | D        | Noticed a killer bee
   780 | D        | Noticed a queen bee
   780 | D        | Noticed a killer bee
   780 | D        | Noticed a killer bee
   780 | D        | Noticed a killer bee
   780 | D        | Noticed a killer bee
   780 | D        | Noticed a killer bee
   780 | D        | Noticed a killer bee
   780 | D        | Noticed a killer bee
   780 | D        | Noticed a killer bee
   780 | D        | Noticed a killer bee
   781 | D        | Noticed a killer bee
   781 | D        | Noticed a killer bee
   781 | D        | Noticed a killer bee
   781 | D        | Noticed a killer bee
   781 | D        | Noticed a killer bee
   781 | D        | Noticed a killer bee
   781 | D        | Noticed a killer bee
   781 | D        | Noticed a killer bee
   781 | D        | Noticed a killer bee
   781 | D        | Noticed a killer bee
   781 | D        | Noticed a killer bee
   781 | D        | Noticed a killer bee
   781 | D        | Noticed a killer bee
   781 | D        | Noticed a killer bee
   781 | D        | Noticed a killer bee
   781 | D        | Noticed a killer bee
   781 | D        | Noticed a killer bee
   781 | D        | Noticed a killer bee
   782 | D        | Killed a killer bee
   785 | D        | Killed a killer bee
   785 | D        | Acquired Dithmenos's third power
   789 | D        | Killed a killer bee
   793 | D        | Killed a killer bee
   795 | D        | Killed a killer bee
   797 | D        | Killed a killer bee
   797 | D        | Reached skill level 5 in Invocations
   799 | D        | Killed a killer bee
   803 | D        | Killed a killer bee
   805 | D        | Killed a killer bee
   807 | D        | Killed a killer bee
   807 | D        | Acquired Dithmenos's fourth power
   809 | D        | Killed a killer bee
   939 | D        | Killed a killer bee
   941 | D        | Killed a killer bee
   945 | D        | Killed a killer bee
   945 | D        | Reached XP level 10. HP: 44/44 MP: 19/26
   947 | D        | Killed a killer bee
   949 | D        | Killed a killer bee
   953 | D        | Killed a killer bee
   959 | D        | Killed a killer bee
   962 | D        | Killed a killer bee
   964 | D        | Killed a killer bee
   966 | D        | Killed a killer bee
  1115 | D        | Killed a killer bee
  1117 | D        | Killed a killer bee
  1119 | D        | Killed a killer bee
  1121 | D        | Killed a killer bee
  1121 | D        | Reached skill level 15 in Stealth
  1123 | D        | Killed a killer bee
  1125 | D        | Killed a killer bee
  1127 | D        | Killed a killer bee
  1129 | D        | Killed a killer bee
  1133 | D        | Killed a killer bee
  1135 | D        | Killed a killer bee
  1137 | D        | Killed a killer bee
  1139 | D        | Killed a queen bee
  1328 | D        | Noticed a wandering mushroom
  1329 | D        | Noticed a wandering mushroom
  1329 | D        | Noticed a wandering mushroom
  1340 | D        | Killed a wandering mushroom
  1553 | D        | Killed a wandering mushroom
  1555 | D        | Killed a wandering mushroom
  1555 | D        | Reached skill level 5 in Conjurations
  1555 | D        | Reached skill level 5 in Necromancy
  1609 | D        | Noticed a spiny frog
  1609 | D        | Noticed a komodo dragon
  1609 | D        | Noticed a spiny frog
  1873 | D        | Killed a spiny frog
  1877 | D        | Killed a komodo dragon
  1879 | D        | Killed a spiny frog
  1907 | D        | Noticed a redback
  1909 | D        | Killed a redback
  1910 | D        | Noticed a brain worm
  1917 | D        | Killed a brain worm
  1938 | D        | Noticed a brain worm
  1940 | D        | Killed a brain worm
  1946 | D        | Noticed a lindwurm
  1948 | D        | Noticed a redback
  1949 | D        | Killed a lindwurm
  1949 | D        | Reached skill level 16 in Stealth
  1953 | D        | Killed a redback
  1974 | D        | Noticed a redback
  1975 | D        | Killed a redback
  1976 | D        | Noticed Maud
  1978 | D        | Killed Maud
  1978 | D        | Reached skill level 15 in Dodging
  1978 | D        | Reached skill level 10 in Hexes
  1978 | D        | Reached XP level 11. HP: 47/47 MP: 27/29
  2075 | D        | Noticed an electric eel
  2076 | D        | Noticed a six-headed hydra
  2076 | D        | Noticed an eight-headed hydra
  2077 | D        | Killed an electric eel
  2079 | D        | Killed a six-headed hydra
  2080 | D        | Killed an eight-headed hydra
  2090 | D        | Noticed a death drake
  2092 | D        | Killed a death drake
  2092 | D        | Reached skill level 17 in Stealth
  2102 | D        | Found a blossoming altar of Fedhas.
  2102 | D        | Noticed a spriggan
  2102 | D        | Noticed a spriggan druid
  2102 | D        | Noticed a spriggan
  2108 | D        | Killed a spriggan druid
  2112 | D        | Killed a spriggan
  2113 | D        | Killed a spriggan
  2113 | D        | Reached skill level 10 in Charms
  2236 | D        | Noticed an anaconda
  2236 | D        | Noticed an anaconda
  2237 | D        | Noticed an anaconda
  2238 | D        | Killed an anaconda
  2238 | D        | Reached skill level 1 in Throwing
  2239 | D        | Killed an anaconda
  2239 | D        | Reached skill level 10 in Translocations
  2241 | D        | Killed an anaconda
  2249 | D        | Noticed an anaconda
  2249 | D        | Noticed an anaconda
  2249 | D        | Noticed a black mamba
  2249 | D        | Noticed a water moccasin
  2250 | D        | Noticed a black mamba
  2251 | D        | Killed an anaconda
  2252 | D        | Killed an anaconda
  2252 | D        | Reached skill level 18 in Stealth
  2255 | D        | Killed a black mamba
  2257 | D        | Killed a black mamba
  2259 | D        | Killed a water moccasin
  2347 | D        | Noticed a water moccasin
  2347 | D        | Noticed a black mamba
  2347 | D        | Noticed a black mamba
  2347 | D        | Noticed a water moccasin
  2347 | D        | Noticed a black mamba
  2348 | D        | Killed a water moccasin
  2348 | D        | Reached XP level 12. HP: 51/51 MP: 28/31
  2349 | D        | Noticed an anaconda
  2350 | D        | Killed a black mamba
  2353 | D        | Killed a black mamba
  2354 | D        | Killed a black mamba
  2355 | D        | Killed a water moccasin
  2358 | D        | Killed an anaconda
  2390 | D        | Noticed a naga
  2390 | D        | Noticed a naga
  2391 | D        | Noticed a naga warrior
  2391 | D        | Noticed a greater naga
  2391 | D        | Found Mezink's Antique Weapon Shop.
  2391 | D        | Found Neuduut's Book Shoppe.
  2392 | D        | Killed a naga
  2393 | D        | Killed a naga
  2394 | D        | Found Tyiqia's Distillery.
  2395 | D        | Killed a naga warrior
  2395 | D        | Reached skill level 10 in Short Blades
  2396 | D        | Killed a greater naga
  2396 | D        | Reached skill level 15 in Spellcasting
  2412 | D        | Noticed a guardian serpent
  2414 | D        | Killed a guardian serpent
  2416 | D        | Got a serpentine rune of Zot
  2501 | D        | Noticed a swamp drake
  2501 | D        | Noticed a fire drake
  2502 | D        | Killed a fire drake
  2504 | D        | Killed a swamp drake
  2514 | D        | Noticed a blink frog
  2514 | D        | Noticed a blink frog
  2515 | D        | Noticed a blink frog
  2515 | D        | Noticed a blink frog
  2516 | D        | Killed a blink frog
  2518 | D        | Noticed a blink frog
  2519 | D        | Killed a blink frog
  2519 | D        | Reached skill level 19 in Stealth
  2521 | D        | Killed a blink frog
  2526 | D        | Killed a blink frog
  2529 | D        | Killed a blink frog
  2604 | D        | Noticed Rupert
  2606 | D        | Killed Rupert
  2606 | D        | Reached skill level 5 in Throwing
  2620 | D        | Noticed a death yak
  2621 | D        | Noticed a death yak
  2621 | D        | Noticed a blink frog
  2622 | D        | Noticed an azure jelly
  2622 | D        | Noticed a death yak
  2622 | D        | Noticed an azure jelly
  2622 | D        | Noticed a blink frog
  2622 | D        | Noticed a death yak
  2623 | D        | Killed a death yak
  2624 | D        | Killed a blink frog
  2625 | D        | Noticed a blink frog
  2635 | D        | Killed a death yak
  2641 | D        | Killed a blink frog
  2643 | D        | Killed a blink frog
  2648 | D        | Noticed a black mamba
  2653 | D        | Killed a black mamba
  2680 | D        | Noticed a black mamba
  2686 | D        | Killed a death yak
  2688 | D        | Killed a black mamba
  2839 | D        | Killed a death yak
  2839 | D        | Reached XP level 13. HP: 55/55 MP: 18/34
  2980 | D        | Noticed a swamp drake
  2982 | D        | Killed a swamp drake
  2986 | D        | Noticed a swamp drake
  2987 | D        | Noticed a swamp dragon
  2987 | D        | Noticed a swamp dragon
  2987 | D        | Noticed a swamp dragon
  2987 | D        | Found Gaihyn's Antique Armour Shoppe.
  2987 | D        | Found Owkaneg's Gadget Boutique.
  2988 | D        | Killed a swamp drake
  2989 | D        | Noticed a swamp dragon
  2989 | D        | Found Iqifyub's Magic Scroll Emporium.
  2990 | D        | Killed a swamp dragon
  2992 | D        | Killed a swamp dragon
  2993 | D        | Killed a swamp dragon
  2993 | D        | Reached skill level 20 in Stealth
  2994 | D        | Killed a swamp dragon
  2998 | D        | Noticed a swamp dragon
  3003 | D        | Killed a swamp dragon
  3067 | D        | Noticed an eight-headed hydra
  3067 | D        | Noticed the 27-headed Lernaean hydra
  3070 | D        | Mangled by an eight-headed hydra

Vault maps used:
D:        dungeon_sprint_mu

Action                   |  1- 3 |  4- 6 |  7- 9 | 10-12 | 13-15 || total
-------------------------+-------+-------+-------+-------+-------++-------
Melee: Dagger            |     4 |    17 |    36 |   110 |    26 ||   193
 Cast: Ensorcelled Hiber |       |     1 |    18 |    49 |       ||    68
       Dazzling Spray    |       |     6 |     5 |    23 |       ||    34
       Shroud of Golubri |       |       |     1 |     3 |       ||     4
       Confuse           |       |       |       |     3 |       ||     3
Invok: Shadow Step       |       |       |       |    12 |     5 ||    17
  Use: Potion            |       |     3 |       |     1 |       ||     4
       Scroll            |       |       |       |       |     1 ||     1
 Stab: Sleeping          |     4 |     7 |    21 |    66 |     7 ||   105
       Invisible         |       |       |     1 |     4 |       ||     5
